 Dungeon Crawl Stone Soup version 0.18-a0-1788-g92de1ac (webtiles) character file.

114 xandermoraine the Grasshopper (level 4, 0/35 HPs)
             Began as a Draconian Wanderer on Apr 19, 2016.
             Slain by xandermoraine's ghost (1 damage)
             ... on level 3 of the Dungeon on Apr 20, 2016.
             The game lasted 00:23:49 (2184 turns).

xandermoraine the Grasshopper (Draconian Wanderer)  Turns: 2184, Time: 00:23:50

Health: 0/35       AC:  5    Str: 15    XL:     4   Next: 66%
Magic:  6/8        EV: 12    Int: 13    God:
Gold:   69         SH:  0    Dex: 10    Spells: 1 memorised, 7 levels left

rFire  . . .     SeeInvis .     k - +3 dagger (flame)
rCold  . . .     Gourm    .     (armour unavailable)
rNeg   . . .     Faith    .     (no shield)
rPois  .         Spirit   .     (helmet restricted)
rElec  .         Dismiss  .     (no cloak)
rCorr  .         Reflect  .     (no gloves)
SustAt .         Harm     .     (no boots)
MR     .....                    (no amulet)
Stlth  +.........               (no ring)
                                (no ring)

@: very slightly contaminated, invisible, not resistant to hostile enchantments,
very unstealthy
A: unfitting armour, cold-blooded, AC +5
a: no special abilities


You were on level 3 of the Dungeon.
You were not hungry.

You visited 1 branch of the dungeon, and saw 3 of its levels.

You collected 69 gold pieces.

Inventory:

Hand Weapons
 c - a +0 club
 k - a +3 dagger of flaming (weapon)
 n - a +0 spear
 r - a +0 whip
Missiles
 p - 37 stones (quivered)
Scrolls
 h - a scroll of magic mapping {unknown}
 i - a scroll of noise {unknown}
 j - a scroll of fog {unknown}
 l - a scroll of enchant armour {unknown}
 o - a scroll of teleportation {unknown}
 u - a scroll of amnesia {unknown}
 v - a scroll of remove curse {unknown}
Potions
 e - a potion of agility
 f - a potion of flight {unknown}
 g - a potion of magic {unknown}
 m - a potion of mutation {unknown}
Books
 a - a book of Geomancy

   Spells                             Type                      Level
   a - Sandblast                      Earth                        1
   b - Passwall                       Transmutation/Earth          2
   c - Stone Arrow                    Conjuration/Earth            3
   d - Petrify                        Transmutation/Earth          4
   e - Lee's Rapid Deconstruction     Earth                        5
 b - Sif Muna's Volume of the Birds

   Spells                             Type                      Level
   a - Shock                          Conjuration/Air              1
   b - Mephitic Cloud                 Conjuration/Poison/Air       3
Comestibles
 d - 3 bread rations
 w - a beef jerky
 x - a slice of pizza


   Skills:
 + Level 1.0 Fighting
 + Level 0.2 Short Blades
 + Level 0.6 Maces & Flails
 + Level 0.2 Polearms
 + Level 1.4 Dodging
 + Level 0.4 Stealth
   Level 1.0 Shields
 + Level 2.7 Spellcasting
 + Level 1.3 Conjurations
   Level 1.0 Hexes
   Level 1.0 Summonings
   Level 3.0 Translocations
 + Level 0.8 Air Magic
   Level 2.0 Earth Magic
   Level 1.0 Evocations


You had 7 spell levels left.
You knew the following spells:

 Your Spells              Type           Power        Failure   Level  Hunger
a - Shock                 Conj/Air       #...         17%         1    #......


Dungeon Overview and Level Annotations

Branches:
Dungeon (3/15)

Altars:
Cheibriados
Kikubaaqudgha
Qazlal

Annotations:
D:3 xandermoraine's ghost, amateur DrWr


Innate Abilities, Weirdness & Mutations

Your plain brown scales are hard (AC +5).
Your body does not fit into most forms of armour.
You are cold-blooded and may be slowed by cold attacks.


Message History

Xandermoraine's ghost closely misses you.
You hit xandermoraine's ghost but do no damage.
You tail-slap xandermoraine's ghost.
Xandermoraine's ghost is severely damaged.
Xandermoraine's ghost hits you.
* * * LOW HITPOINT WARNING * * *
x2 You hit xandermoraine's ghost.
You burn xandermoraine's ghost. You tail-slap xandermoraine's ghost.
Xandermoraine's ghost is severely damaged.
Xandermoraine's ghost hits you but does no damage.
You hit xandermoraine's ghost but do no damage.
Xandermoraine's ghost is severely damaged.
Xandermoraine's ghost mumbles some strange words.
Space distorts along a thin shroud covering xandermoraine's ghost's form.
You hit xandermoraine's ghost but do no damage.
Your tail-slap misses xandermoraine's ghost.
Xandermoraine's ghost is severely damaged.
Xandermoraine's ghost hits you.
* * * LOW HITPOINT WARNING * * *
You die...

#.# #.# #.# #.#
#.# # #.# #.# #.
#.# #.# #..#####.#
#.# .......#.# #@#
.........######W#
#..#
#..........###
#.g#
#.....<.......(..#
.o#
##.###########...#
###.# #)# ##
....####.#
...o(g..<#
#####._W.#


You could see xandermoraine's ghost.

Vanquished Creatures
  A hound (D:3)
  Ijyb (D:2)
  An adder (D:2)
  An ooze (D:1)
  A worm (D:2)
  A dart slug (D:1)
  4 orcs (D:3)
  4 bats
  A giant cockroach (D:1)
  2 hobgoblins (D:1)
  3 giant newts
  9 goblins
  5 kobolds
  6 rats
40 creatures vanquished.

Notes
Turn   | Place    | Note
--------------------------------------------------------------
     0 | D:1      | xandermoraine the Draconian Wanderer began the quest for the Orb.
     0 | D:1      | xandermoraine set off with: a book of Geomancy, Sif Muna's Volume of the Birds, a +0 club, a bread ration
     0 | D:1      | Reached XP level 1. HP: 14/14 MP: 2/2
     4 | D:1      | Learned a level 1 spell: Shock
   447 | D:1      | Reached XP level 2. HP: 20/20 MP: 4/4
   888 | D:2      | Found an ancient bone altar of Kikubaaqudgha.
   893 | D:2      | Noticed Ijyb
   939 | D:2      | Killed Ijyb
   939 | D:2      | Reached skill level 1 in Conjurations
   939 | D:2      | Reached XP level 3. HP: 3/26 MP: 0/6
  1292 | D:2      | Found a stormy altar of Qazlal.
  1293 | D:2      | Noticed an earth elemental
  1295 | D:2      | Noticed a fire elemental
  1295 | D:2      | Noticed an air elemental
  1295 | D:2      | Noticed a water elemental
  1840 | D:2      | Reached XP level 4. HP: 34/34 MP: 7/7
  1900 | D:2      | Reached skill level 1 in Dodging
  2070 | D:3      | Found a snail-covered altar of Cheibriados.
  2123 | D:3      | Reached skill level 1 in Fighting
  2142 | D:3      | Noticed xandermoraine's ghost (amateur DrWr)
  2184 | D:3      | HP: 1/35 [xandermoraine's ghost (3)]
  2184 | D:3      | Slain by xandermoraine's ghost

Vault maps used:
D:1:      dpeg_arrival_concentric_ovals
D:2:      nicolae_qazlal_style_of_elements, kiku_gazebo_garden_becter,
          minmay_misc_feat_tiny, roderic_whirl, uniq_iyjb
D:3:      lemuel_coloured_pillars_altar, cheibriados_altar_1

Skill      XL: |  1  2  3  4 |
---------------+-------------+-----
Spellcasting   | 2 |  2.7
Conjurations   | 1 |  1.3
Dodging        | 1 |  1.4
Fighting       | 1 |  1.0
Short Blades   | |  0.2
Maces & Flails | |  0.6
Polearms       | |  0.2
Stealth        | |  0.4
Shields        | |  1.0
Hexes          | |  1.0
Summonings     | |  1.0
Translocations | |  3.0
Air Magic      | |  0.8
Earth Magic    | |  2.0
Evocations     | |  1.0

Action                   |  1- 3 |  4- 6 || total
-------------------------+-------+-------++-------
Melee: Spear             |    53 |       ||    53
       Club              |    11 |       ||    11
       Tailslap          |     9 |     4 ||    13
       Whip              |    20 |       ||    20
       Dagger            |    28 |    29 ||    57
 Cast: Shock             |    28 |     7 ||    35
  Use: Potion            |     3 |     5 ||     8
       Scroll            |     1 |       ||     1
 Stab: Invisible         |       |     1 ||     1
  Eat: Bread ration      |     1 |       ||     1
       Beef jerky        |     1 |       ||     1
Armor: Skin              |    33 |     8 ||    41
Dodge: Dodged            |    72 |    40 ||   112
